AoeStats
← 739697286

Golden Pit

510264013Analyzed
1v1 RM · 3d ago on Sep 30, 2026· 25m 35s· 2 players
Game mode
Random Map
Map size
Tiny (2 player)
Population
200
Speed
Normal
Resources
Standard
Victory
Conquest
Starting age
Dark Age
Ending age
Imperial Age
RankedLock teamsTeams togetherTeam positionsShared explorationLock speedFull tech treeHidden civsTurbo modeCheats
Victory
Defeat
🇳🇴 Magyars · Norway
1260
+16
🇨🇳 Celts · China
1259
-16
739697286
7:03 Loom
11:29 Feudal Age
16:59 Castle Age
25:29 Double-Bit Axe
Krypto
7:56 Loom
9:44 Feudal Age
10:41 Double-Bit Axe
12:43 Wheelbarrow
13:23 Gold Mining
20:40 Castle Age
20:33 Scale Barding Armor
21:09 Bloodlines
21:41 Bow Saw
22:55 Chain Barding Armor
25:16 Stone Mining
Connection lost

Rejoining the realm…

Still unreachable

The connection could not be restored.

Session expired

The server has moved on; the page needs a fresh start.